 Dungeon Crawl Stone Soup version 0.31-a0-1522-g43313d8a59 (webtiles) character file.

Game seed: 2168443999172940414

496 shadizar the Trooper (level 7, -15/47 (55) HPs)
             Began as a Djinni Fire Elementalist on Dec 30, 2023.
             Killed from afar by Pikel (26 damage)
             ... with an iceblast
             ... on level 5 of the Dungeon.
             The game lasted 00:07:02 (4148 turns).

shadizar the Trooper (Djinni Fire Elementalist)     Turns: 4148, Time: 00:07:02

HP:   -15/47 (55)   AC:  7    Str:  7    XL:     7   Next: 38%
Gold: 188           EV: 17    Int: 19    God:
                    SH:  0    Dex:  9

rFire   + + .        f - +1 mace (venom)
rCold   x . .        (no shield)
rNeg    . . .        t - +0 robe of the Past {rCorr Dex-4 SInv Stlth+}
rPois   ∞            l - +0 helmet
rElec   .            v - +0 cloak
rCorr   +            j - +2 pair of gloves
SInv    +            (boots unavailable)
Will    .....        (no amulet)
Stlth   ++           n - +5 ring of evasion
HPRegen 0.27/turn    (no ring)
MPRegen 0.00/turn

%: infuse magic (-16 HP)
@: flying, heavily drained
A: sickness immunity, fire resistance 2, cold vulnerability 1, float, innate
caster, HP casting, extra vitality 1
a: no special abilities


You were on level 5 of the Dungeon.
You visited 1 branch of the dungeon, and saw 5 of its levels.

You collected 188 gold pieces.

Inventory:

Hand Weapons
 f - a +1 mace of venom (weapon)
Armour
 a - a +0 robe
 j - a +2 pair of gloves (worn)
 l - a +0 helmet (worn)
 p - an orb of wrath
 t - the +0 robe of the Past (worn) {rCorr Dex-4 SInv Stlth+}
   (You found it on level 4 of the Dungeon)

   Dex-4:     It affects your dexterity (-4).
   SInv:      It lets you see invisible.
   rCorr:     It protects you from acid and corrosion.
   Stlth+:    It makes you more stealthy.
 v - a +0 cloak (worn)
Jewellery
 n - a +5 ring of evasion (left hand)
Scrolls
 b - a scroll of immolation {unknown}
 c - a scroll of teleportation
 g - a scroll of identify
 i - 2 scrolls of noise {unknown}
 q - 2 scrolls of enchant armour {unknown}
 r - a scroll of amnesia {unknown}
Potions
 d - a potion of might {unknown}
 e - 2 potions of ambrosia {unknown}
 h - a potion of cancellation {unknown}
 k - 2 potions of curing {unknown}
 m - 2 potions of heal wounds {unknown}
 o - a potion of brilliance {unknown}
 s - a potion of haste {unknown}
 u - a potion of enlightenment {unknown}


   Skills:
 * Level 5.8 Fighting
 - Level 2.1 Dodging
 - Level 1.5 Stealth
 + Level 4.5 Spellcasting
 + Level 4.5 Conjurations
 + Level 4.5 Hexes
 + Level 4.5 Summonings
 + Level 4.5 Necromancy
 + Level 4.5 Translocations
 + Level 4.5 Fire Magic
 + Level 4.5 Ice Magic
 + Level 4.5 Air Magic
 + Level 4.5 Earth Magic
 + Level 4.5 Alchemy


You knew the following spells:

 Your Spells              Type           Power      Damage    Failure   Level
a - Foxfire               Conj/Fire      84%        2x1d8     1%          1
b - Scorch                Fire           42%        2d6       3%          2
c - Volatile Blastmotes   Fire/Tloc      42%        2d13      6%          3
d - Inner Flame           Hex/Fire       21%        N/A       6%          3
e - Flame Wave            Conj/Fire      21%        2d8       21%         4
f - Kiss of Death         Conj/Necr      84%        2d11      1%          1
g - Blink                 Tloc           42%        N/A       3%          2
h - Tukima's Dance        Hex            21%        N/A       6%          3
Your spell library was empty.

Dungeon Overview and Level Annotations

Branches:
Dungeon (5/15)
 Temple: D:4-7

Altars:
Ashenzari
Dithmenos
Uskayaw
The Shining One

Shops:
D:2 [

Annotations:
D:5 Pikel


Innate Abilities, Weirdness & Mutations

You are immune to sickness and miasma.
You are immune to poison.
Your flesh is very heat resistant. (rF++)
You are vulnerable to cold. (rC-)
You float through the air rather than walking.
You learn spells naturally, not from books.
Your magical power is your life essence.
You have superior vitality. (+4 MHP)


Message History

Pikel is severely wounded.
Pikel's fire resistance burns away.
The foxfire hits Pikel.
Pikel is severely wounded.
The foxfire hits Pikel but does no damage.
Pikel is severely wounded.
Unknown command.
Unknown command.
Unknown command.
Unknown command.
Unknown command.
Unknown command.
Casting: Scorch (safe; 3% risk of failure)
Confirm with . or Enter, or press ? or * to list all spells.
Flames lash the lemure.
The lemure is lightly wounded.
The lemure's fire resistance burns away.
Pikel waves his whip at you.
Casting: Scorch (safe; 3% risk of failure)
Confirm with . or Enter, or press ? or * to list all spells.
Aiming: Kiss of Death (safe; 1% risk of failure)
Press: ? - help, Shift-Dir - straight line, f - Pikel
Aim: Pikel, wielding a +2 whip of flaming, wearing a +0 robe and carrying a wand of iceblast (severely wounded, more vulnerable to fire, 100% to hit)
The negative energy hits Pikel!
Pikel is drained!
Pikel is almost dead.
You feel drained.
Pikel hits you with a +2 whip of flaming!
* * * LOW HITPOINT WARNING * * *
Casting: Kiss of Death (safe; 1% risk of failure)
Confirm with . or Enter, or press ? or * to list all spells.
You blink.
* * * LOW HITPOINT WARNING * * *
Pikel is no longer more vulnerable to fire.
The lemure is no longer more vulnerable to fire.
You feel ready to blink again.
There is a stone staircase leading up here.
Pikel zaps a wand.
The mass of ice explodes!
The iceblast engulfs you!!
You feel a painful chill!
Ouch! That really hurt!
You die...
Pikel says, "See you in Hell!"

#.. #...............#
#.. ##...............
#..######..............
#.............5....##
#............5K5..##
##.................#
#.....######......##
.....## #......#
..#...### ##...@.#
....#...####......#
[...##............#
....###.....##.....
.....##....###......
.....##...## #.......
......#...# #........
.........## ......####
.........#


You could see Pikel (drained) and 3 lemures.

Vanquished Creatures
  Pargi (D:3)
  A lemure (D:5)
  A scorpion (D:4)
  A hound (D:4)
  Jessica (D:3)
  Natasha (thrice) (D:4)
  A sleepcap (D:4)
  4 gnolls (D:3)
  5 adders
  A white imp (D:4)
  2 dart slugs
  An orc (D:5)
  10 endoplasms
  3 giant cockroaches
  6 goblins
  9 hobgoblins
  5 jackals
  7 kobolds
  2 quokkas
  7 ball pythons
  6 bats
  2 frilled lizards
  A goblin skeleton (D:4)
  2 goblin zombies (D:4)
  2 hobgoblin zombies (D:4)
  A kobold zombie (D:4)
  An orc skeleton (D:4)
  3 orc zombies (D:4)
  7 rats
96 creatures vanquished.

Vanquished Creatures (others)
  202 foxfires
202 creatures vanquished.

Grand Total: 298 creatures vanquished

Notes
Turn   | Place    | Note
-------+----------+-------------------------------------------
     0 | D:1      | shadizar the Djinni Fire Elementalist began the quest for
                  | the Orb.
     0 | D:1      | shadizar set off with the following spells memorised:
                  | Foxfire, Scorch, Volatile Blastmotes, Inner Flame, Flame
                  | Wave.
     0 | D:1      | Reached XP level 1. HP: 15/15 MP: 0/0
   241 | D:1      | Reached XP level 2. HP: 7/22 MP: 0/0
   380 | D:1      | Reached skill level 1 in Fighting
  1031 | D:2      | Reached XP level 3. HP: 22/28 MP: 0/0
  1031 | D:2      | Learned a level 1 spell: Kiss of Death
  1187 | D:2      | Reached skill level 2 in Fighting
  1479 | D:2      | Reached XP level 4. HP: 4/34 MP: 0/0
  1663 | D:2      | Found Yfuobar's Armour Boutique.
  2017 | D:3      | Reached skill level 3 in Fighting
  2676 | D:3      | Noticed Pargi
  2683 | D:3      | Killed Pargi
  2684 | D:3      | Reached skill level 4 in Fighting
  2684 | D:3      | Reached XP level 5. HP: 34/41 MP: 0/0
  2684 | D:3      | Learned a level 2 spell: Blink
  2684 | D:3      | Reached XP level 6. HP: 39/47 MP: 0/0
  2840 | D:3      | Noticed Jessica
  2845 | D:3      | Killed Jessica
  3039 | D:4      | Reached skill level 5 in Fighting
  3055 | D:4      | Found a broken altar of Ashenzari.
  3169 | D:4      | Reached XP level 7. HP: 25/54 MP: 0/0
  3169 | D:4      | Learned a level 3 spell: Tukima's Dance
  3358 | D:4      | Identified the +0 robe of the Past {rCorr Dex-4 SInv
                  | Stlth+}
  3440 | D:4      | Found a glowing golden altar of the Shining One.
  3686 | D:4      | Noticed Natasha
  3696 | D:4      | Killed Natasha
  3745 | D:4      | Noticed Natasha
  3750 | D:4      | Killed Natasha
  3788 | D:4      | Noticed Natasha
  3792 | D:4      | Killed Natasha
  3993 | D:4      | Found a shadowy altar of Dithmenos.
  3993 | D:4      | Found a hide-covered altar of Uskayaw.
  4051 | D:5      | Entered Level 5 of the Dungeon
  4121 | D:5      | Noticed Pikel
  4148 | D:5      | Killed from afar by Pikel

Illustrated notes

Levels and vault maps discovered:
D:1:      psy_arrival_statuary, layout_basic, minmay_surrounded
D:2:      layout_basic, serial_shops, shop, minmay_box_of_dots
D:3:      layout_loops_corners, serial_glass, glass_columns_a, glass_columns_a,
          due_unseen_surprise, minmay_fractal_squares_gapless_5, uniq_jessica,
          uniq_pargi
D:4:      layout_loops_ring, nicolae_tso_besieged_by_evil,
          mainiacjoe_overflow_alcove_3, hex_medium, kennysheep_crisscross,
          uniq_natasha
D:5:      layout_layer_cave, lemuel_temple_firewalk_b, uniq_duvessa, uniq_pikel,
          uniq_grinder

Skill      XL: |  1  2  3  4  5  6 |
---------------+-------------------+-----
Fighting       | 1 2 4 5 |  5.8
Spellcasting   | 4 |  4.5
Conjurations   | 4 |  4.5
Hexes          | 4 |  4.5
Summonings     | 4 |  4.5
Necromancy     | 4 |  4.5
Translocations | 4 |  4.5
Fire Magic     | 4 |  4.5
Ice Magic      | 4 |  4.5
Air Magic      | 4 |  4.5
Earth Magic    | 4 |  4.5
Alchemy        | 4 |  4.5
Dodging        | |  2.1
Stealth        | |  1.5

Action                     |  1- 3 |  4- 6 |  7- 9 || total
---------------------------+-------+-------+-------++-------
  Melee: Mace              |     9 |    12 |     1 ||    22
   Cast: Foxfire           |    15 |    39 |    84 ||   138
         Scorch            |    39 |    34 |     9 ||    82
         Blink             |       |       |     1 ||     1
         Kiss of Death     |       |       |     1 ||     1
    Use: Scroll            |       |     4 |       ||     4
 Armour: Robe              |    32 |    13 |     5 ||    50
  Dodge: Dodged            |    35 |    29 |     3 ||    67

Table legend: (Time is in decaauts)
 A = Elapsed time spent in this place.
 B = Non-inter-level travel time spent in this place.
 C = Inter-level travel time spent in this place.
 D = Time resting spent in this place.
 E = Time spent auto-exploring this place.
 F = Levels seen in this place.
 G = Mean time per level.
                   A        B        C        D        E       F      G
               +--------+--------+--------+--------+--------+-----+--------+
         Total |   4154 |   4038 |    116 |      0 |   3298 |   5 |  830.8 |
       Dungeon |   4154 |   4038 |    116 |      0 |   3298 |   5 |  830.8 |
               +--------+--------+--------+--------+--------+-----+--------+

Top non-repeatable levels by time:
     D:3: 1133 daAuts
     D:4: 1109 daAuts
     D:1: 976 daAuts
     D:2: 838 daAuts
     D:5: 96 daAuts
